Map: Ascension to Aiur LE

Players

MperorM

  • Race: Terran Terran
  • Spawn Location: 11:00

Stephano - Winner!

  • Race: Zerg Zerg
  • Spawn Location: 5:00

Event: WCS Valencia 2017

VOD

Have the link to the VOD?

Description

Time

  • Played on: July 13, 2017, 9:22 a.m.
  • Length: 11:21

All games in this series

Show
View Real Time Build Order
Export as new Build Order

MperorM Terran 

Build Orders: Reaper Expand, MMM Bio 

Get SALT Encoding   

  12  0:00  SCV  
  13  0:12  SCV  
  14  0:17  Supply Depot  
  14  0:24  SCV  
  15  0:38  SCV  
  15  0:39  Barracks  
  16  0:43  Refinery  
  16  0:50  SCV  
  17  1:02  SCV  
  18  1:15  SCV  
  19  1:26  Reaper  
  19  1:27  Orbital Command  
  20  1:39  Command Center  
  20  1:50  Barracks  
  20  1:53  SCV  
  21  1:58  Barracks Reactor  
  21  2:05  SCV  
  21  2:07  Supply Depot  
  22  2:17  SCV  
  22  2:21  Factory  
  23  2:25  Refinery  
  24  2:30  SCV  
  24  2:35  Marine x2  
  26  2:37  Barracks Tech Lab  
  26  2:42  SCV  
  27  2:52  Orbital Command  
  27  2:54  SCV  
  27  2:55  Marine x2  
  27  2:57  Marine  
  31  3:03  Stimpack  
  31  3:06  SCV  
  32  3:13  Marine x2  
  32  3:15  Marine  
  32  3:18  SCV  
  36  3:20  SCV  
  37  3:27  Starport  
  37  3:28  Factory Reactor  
  37  3:34  SCV  
  38  3:41  SCV, Marine x2  
  39  3:42  Marine  
  39  3:46  SCV, Supply Depot  
  42  3:53  SCV  
  43  3:58  SCV  
  43  4:00  Marine x3  
  45  4:03  Supply Depot  
  45  4:05  SCV  
  46  4:16  SCV, Medivac x2  
  51  4:18  Hellion  
  51  4:19  SCV, Supply Depot  
  54  4:25  Marine x2  
  54  4:26  Supply Depot  
  56  4:31  Armory  
  56  4:35  SCV  
  56  4:36  SCV  
  56  4:37  Marine  
  59  4:43  Marine x2  
  61  4:47  SCV  
  61  4:51  Hellion x2  
  66  4:53  SCV, Supply Depot  
  66  4:54  Medivac  
  66  4:56  Marine  
  71  5:00  SCV  
  71  5:02  Marine, Supply Depot  
  71  5:04  Marine  
  71  5:06  SCV  
  74  5:08  Combat Shields  
  74  5:13  SCV  
  75  5:14  Hellion, Marine  
  75  5:16  Hellion  
  75  5:20  Marine  
  82  5:21  SCV  
  82  5:22  Marine  
  83  5:34  SCV  
  84  5:40  Widow Mine x2, Command Center  
  84  5:41  Marine x2, Starport Reactor  
  84  5:42  Marine  
  91  5:49  SCV  
  92  5:54  SCV  
  93  5:58  Engineering Bay x2  
  93  6:01  SCV  
  94  6:06  Refinery  
  94  6:08  Supply Depot  
  94  6:18  SCV x2  
  94  6:24  Marine x2  
  94  6:26  Marine  
  84  6:38  Medivac x2, Widow Mine x2  
  84  6:39  Terran Infantry Armor Level 1  
  82  6:41  Terran Infantry Weapons Level 1  
  82  6:42  SCV, Barracks  
  82  6:43  Barracks  
  82  6:44  Barracks  
  82  6:51  SCV  
  82  6:54  Orbital Command  
  74  6:58  Marine  
  75  7:03  Command Center  
  75  7:07  Marine x2  
  75  7:08  Medivac  
  79  7:09  Medivac  
  79  7:10  SCV  
  79  7:14  SCV  
  82  7:17  Widow Mine x2  
  82  7:20  SCV  
  87  7:25  Marine  
  87  7:27  Concussive Shells  
  87  7:29  SCV x2  
  90  7:30  Barracks Tech Lab  
  90  7:34  Refinery  
  90  7:35  Refinery  
  90  7:39  Barracks Reactor  
  90  7:40  Marauder, Marine x2  
  90  7:41  SCV  
  94  7:58  Marine  
  95  7:59  Barracks Reactor  
  95  8:00  SCV x3  
  95  8:05  Marine  
  95  8:06  Marauder x2, Supply Depot x2  
  95  8:07  Widow Mine x2, Supply Depot x2  
  95  8:12  SCV  
  100  8:13  SCV x2  
  100  8:16  Refinery  
  100  8:17  Planetary Fortress  
  100  8:18  Barracks x2  
  100  8:19  Marine x3  
  104  8:24  SCV  
  104  8:25  Marine  
  109  8:27  Marauder  
  109  8:35  Marine x2  
  109  8:36  Marauder  
  109  8:37  Widow Mine x2  
  109  8:38  SCV  
  109  8:40  Factory  
  118  8:45  Supply Depot  
  118  8:47  Marine  
  118  8:48  Terran Infantry Armor Level 2, Marine x3, Marauder  
  124  8:50  Medivac  
  124  8:52  SCV x3  
  124  8:53  Marine  
  130  8:56  Refinery x2  
  130  8:59  Marauder  
  132  9:04  Marine  
  132  9:06  Barracks Tech Lab  
  132  9:09  Widow Mine x2  
  135  9:11  Barracks Tech Lab  
  137  9:17  Marine  
  137  9:18  Marauder, Marine x2  
  139  9:34  Liberator  
  139  9:35  Liberator  
  122  9:48  Factory Tech Lab, Widow Mine x2  
  122  9:49  Marine x4  
  122  9:50  Marauder x3  
  122  9:51  Marauder  
  134  9:56  Marine  
  134  9:57  Marine  
  134  9:59  SCV x2  
  138  10:00  Starport, Command Center  
  138  10:01  SCV x2, Starport, Command Center  
  140  10:08  Marine x3  
  140  10:10  Siege Tank  
  140  10:11  Marauder  
  148  10:21  Liberator  
  148  10:23  Unknown x5  
  148  10:24  Marine x4  
  148  10:25  Marauder x2  
  142  10:30  Orbital Command  
  142  10:31  Marine  
  142  10:33  Marauder  
  129  10:37  Widow Mine x2  
  129  10:38  Marine  
  129  10:43  Marauder  
  129  10:47  Marine x2  
  114  10:57  Marine x3  
  114  11:00  SCV  
Show
View Real Time Build Order
Export as new Build Order

Stephano Zerg - Winner!

Build Orders: Hatch First 

Get SALT Encoding   

  12  0:00  Drone  
  13  0:12  Overlord  
  13  0:17  Drone  
  14  0:31  Drone x2  
  14  0:34  Drone  
  17  0:51  Hatchery  
  17  0:54  Drone  
  17  0:57  Extractor  
  16  0:59  Drone  
  17  1:13  Spawning Pool  
  17  1:17  Drone  
  17  1:22  Drone  
  18  1:29  Drone  
  19  1:40  Overlord  
  19  1:49  Drone  
  20  2:00  Queen, Metabolic Boost  
  20  2:01  Zergling x2  
  23  2:06  Queen  
  25  2:09  Zergling x2  
  25  2:12  Drone  
  27  2:15  Drone  
  27  2:22  Drone  
  29  2:31  Drone  
  30  2:42  Queen, Hatchery  
  31  2:46  Drone  
  32  2:52  Overlord  
  32  2:55  Drone  
  32  2:56  Drone  
  32  2:57  Drone  
  35  3:03  Drone  
  36  3:06  Overlord  
  36  3:11  Drone  
  36  3:12  Drone x2  
  39  3:14  Drone  
  39  3:17  Zergling x4  
  42  3:22  Queen  
  44  3:29  Drone x2  
  44  3:30  Drone x2  
  48  3:38  Drone  
  50  3:41  Drone  
  50  3:45  Queen  
  50  3:47  Evolution Chamber x2  
  50  3:49  Drone x2  
  52  3:58  Drone  
  52  4:02  Drone x2  
  54  4:03  Overlord  
  54  4:05  Drone x2  
  54  4:09  Overlord  
  56  4:10  Drone  
  57  4:20  Queen x2  
  57  4:22  Queen  
  63  4:24  Drone x2  
  63  4:27  Overlord  
  63  4:30  Drone  
  66  4:34  Drone x2  
  66  4:35  Drone  
  69  4:40  Zerg Ground Armor Level 1, Overlord  
  69  4:41  Zergling x6  
  69  4:45  Zergling x6  
  74  4:51  Drone, Overlord  
  76  4:57  Zergling x6  
  76  4:58  Zergling x2  
  80  5:01  Drone  
  80  5:04  Queen  
  80  5:05  Zergling x6  
  80  5:06  Queen  
  86  5:08  Overlord  
  86  5:12  Extractor x2, Zerg Missile Weapons Level 1  
  86  5:16  Extractor x2, Zergling x6  
  86  5:18  Drone  
  86  5:19  Drone  
  86  5:20  Drone  
  90  5:24  Overlord  
  90  5:26  Overlord  
  90  5:30  Zergling x6  
  90  5:32  Baneling Nest, Drone  
  90  5:33  Overlord  
  93  5:36  Extractor  
  93  5:37  Drone  
  93  5:38  Drone x2  
  93  5:41  Drone x2  
  97  5:45  Drone x3  
  99  5:53  Drone  
  99  5:54  Lair  
  100  6:03  Hatchery  
  99  6:05  Zergling x2  
  99  6:06  Zergling x6  
  103  6:15  Zergling x14  
  91  6:25  Zergling x2  
  91  6:26  Zergling x6  
  86  6:34  Zergling x6  
  85  6:41  Zergling x12  
  91  6:50  Drone x3  
  91  6:53  Drone  
  95  6:54  Baneling x5  
  95  6:59  Drone x2  
  97  7:05  Drone  
  98  7:09  Zerg Missile Weapons Level 2, Zerg Ground Armor Level 2  
  98  7:15  Drone, Overlord  
  98  7:16  Drone x3  
  98  7:17  Drone  
  103  7:27  Hydralisk Den  
  103  7:28  Centrifical Hooks  
  102  7:32  Drone x3  
  102  7:35  Drone  
  106  7:38  Drone  
  106  7:39  Zergling x2  
  106  7:40  Zergling x8  
  106  7:41  Pneumatized Carapace  
  106  7:43  Drone  
  113  7:45  Zergling x2  
  113  7:46  Zergling x2  
  113  7:47  Overseer  
  100  7:58  Zergling x2  
  100  7:59  Zergling x8  
  105  8:06  Zergling x2  
  105  8:07  Zergling x2  
  105  8:10  Muscular Augments  
  107  8:12  Drone  
  107  8:13  Drone x8, Overlord  
  115  8:20  Hydralisk x3  
  115  8:22  Overseer  
  115  8:26  Hydralisk x3  
  127  8:29  Hydralisk  
  127  8:33  Hydralisk  
  127  8:34  Hydralisk  
  129  8:37  Overlord  
  129  8:38  Overlord  
  133  8:45  Hydralisk  
  133  8:47  Overlord x2  
  135  8:53  Overlord  
  135  8:54  Overseer  
  135  9:01  Hydralisk  
  135  9:02  Hydralisk x7  
  149  9:09  Hydralisk x5  
  159  9:12  Zergling x2  
  159  9:13  Zergling x4  
  159  9:15  Zergling x4  
  159  9:16  Zergling x2  
  167  9:24  Zergling x12  
  172  9:27  Zergling x2  
  174  9:32  Zergling x2  
  174  9:33  Zergling x4  
  157  9:46  Zergling x2  
  157  9:47  Zergling x24  
  157  9:49  Baneling x19  
  157  9:50  Baneling  
  169  9:53  Extractor x2  
  169  9:55  Zergling x2  
  169  9:58  Infestation Pit  
  167  10:05  Hatchery, Zergling x10  
  171  10:08  Zergling x6  
  171  10:13  Zergling x4  
  176  10:16  Overlord x3  
  174  10:36  Zergling x16  
  174  10:37  Zergling x20  
  183  10:48  Hydralisk  
  183  10:49  Hydralisk x3  
  177  10:53  Hydralisk x2  
  177  10:56  Hydralisk  
Tags
 
Add a new tag
Caveats
  • Supply blocks, unpowered buildings, or Contaminate may cause inaccurate times.
  • Supply counts are checked every 10 seconds.